 Dungeon Crawl Stone Soup version 0.19-a0-82-gd3566c2 (webtiles) character file.

16 AlphabetPasta the Caller (level 2, -1/15 HPs)
             Began as a Deep Elf Summoner on May 14, 2016.
             Slain by a goblin (4 damage)
             ... on level 1 of the Dungeon.
             The game lasted 00:08:33 (1446 turns).

AlphabetPasta the Caller (Deep Elf Summoner)        Turns: 1446, Time: 00:08:34

Health: -1/15      AC:  2    Str:  5    XL:     2   Next: 41%
Magic:  2/8        EV: 13    Int: 19    God:
Gold:   75         SH:  0    Dex: 15    Spells: 2 memorised, 4 levels left

rFire  . . .     SeeInvis .     j - +0 dagger
rCold  . . .     Gourm    .     a - +0 robe
rNeg   . . .     Faith    .     (no shield)
rPois  .         Spirit   .     (no helmet)
rElec  .         Dismiss  .     (no cloak)
rCorr  .         Reflect  .     (no gloves)
SustAt .         Harm     .     (no boots)
MR     .....                    (no amulet)
Stlth  ++........               (no ring)
                                (no ring)

@: not resistant to hostile enchantments, unstealthy
A: no striking features
a: no special abilities


You were on level 1 of the Dungeon.
You were not hungry.

You visited 1 branch of the dungeon, and saw 2 of its levels.

You collected 75 gold pieces.

Inventory:

Hand Weapons
 j - a +0 dagger (weapon)
 m - a +2 short sword of speed
Armour
 a - a +0 robe (worn)
Jewellery
 h - an uncursed ring of protection from magic {unknown}
 p - an uncursed ring of fire {unknown}
Scrolls
 f - a scroll of teleportation {unknown}
 g - 3 scrolls of identify {unknown}
 i - a scroll of immolation {unknown}
 k - a scroll of recharging {unknown}
 n - a scroll of noise {unknown}
Potions
 d - a potion of degeneration {unknown}
 e - a potion of lignification {unknown}
 l - a potion of beneficial mutation {unknown}
 r - a potion of heal wounds {unknown}
Books
 b - a book of Callings

   Spells                             Type                      Level
   a - Summon Small Mammal            Summoning                    1
   b - Call Imp                       Summoning                    2
   c - Call Canine Familiar           Summoning                    3
   d - Summon Guardian Golem          Hexes/Summoning              3
   e - Summon Lightning Spire         Summoning/Air                4
   f - Summon Ice Beast               Ice/Summoning                4
 o - a book of the Sky

   Spells                             Type                      Level
   a - Summon Lightning Spire         Summoning/Air                4
   b - Airstrike                      Air                          4
   c - Silence                        Hexes/Air                    5
   d - Deflect Missiles               Charms/Air                   6
   e - Conjure Ball Lightning         Conjuration/Air              6
   f - Tornado                        Air                          9
Comestibles
 c - a bread ration
 q - a meat ration


   Skills:
 - Level 0.1 Fighting
 + Level 0.2 Short Blades
 - Level 2.5 Dodging
 - Level 2.4 Stealth
 + Level 3.2 Spellcasting
 * Level 4.9 Summonings


You had 4 spell levels left.
You knew the following spells:

 Your Spells              Type           Power        Failure   Level  Hunger
a - Summon Small Mammal   Summ           ###.         1%          1    None
b - Call Imp              Summ           ###.....     3%          2    ##.....


Dungeon Overview and Level Annotations

Branches:
Dungeon (2/15)

Altars:
Ru


Message History

Your crimson imp blinks! x2
Your crimson imp misses the adder.
The adder bites your crimson imp.
Your crimson imp closely misses the adder.
The adder closely misses your crimson imp.
Your crimson imp hits the adder.
The adder bites your crimson imp.
The adder barely misses your crimson imp.
Your crimson imp closely misses the adder.
The adder barely misses your crimson imp.
Your crimson imp misses the adder.
The adder closely misses your crimson imp.
Your crimson imp blinks!
You miss the goblin. The goblin hits you.
* * * LOW HITPOINT WARNING * * *
You hit the goblin.
The goblin is heavily wounded.
You barely miss the goblin.
The goblin is heavily wounded.
The adder misses your crimson imp. The goblin hits you.
You die...

.#.# #.....## #.# #.# #
.#.## #....## #.# #.# #
...(# ##....# #.# #.# #
.#..###.#...# #.# #.# #
.....###....##
###.####.#######
.............#
#......รท....[...
###..###.....#
#.#.####.####### #..#
#.....#####.#.####.# #
#..###S...5..g@.........#
#
#..)............>..######
####.....S5.##########
.........#### ##########


You could see an adder, a goblin and 2 friendly crimson imps.

Vanquished Creatures
  A worm (D:2)
  A kobold (D:1)
  A bat (D:1)
  A giant newt (D:1)
  5 rats (D:1)
9 creatures vanquished.

Vanquished Creatures (collateral kills)
  A bat (D:1)
  A giant cockroach (D:1)
  3 goblins
  2 hobgoblins (D:1)
  4 kobolds (D:1)
  A rat (D:1)
12 creatures vanquished.

Grand Total: 21 creatures vanquished

Notes
Turn   | Place    | Note
--------------------------------------------------------------
     0 | D:1      | AlphabetPasta the Deep Elf Summoner began the quest for the Orb.
     0 | D:1      | Reached XP level 1. HP: 10/10 MP: 6/6
   733 | D:1      | Reached XP level 2. HP: 13/15 MP: 6/8
   737 | D:1      | Learned a level 2 spell: Call Imp
  1355 | D:2      | Found a sacrificial altar of Ru.
  1446 | D:1      | Slain by a goblin

Vault maps used:
D:1:      sevenhm_arrival_forest_fort_large_4
D:2:      old_standard_altar, zin_angel, gammafunk_temple_overflow_statue,
          uniq_robin

Action                   || total
-------------------------++-------
Melee: Unarmed           ||    53
       Dagger            ||    27
 Cast: Summon Small Mamm ||    16
       Call Imp          ||     7
 Stab: Sleeping          ||     2
       Distracted        ||     1
  Eat: Chunk             ||     2
Armor: Robe              ||    16
Dodge: Dodged            ||    63
